 Dungeon Sprint DCSS version 0.29-a0-757-g358383bc75 (webtiles) character file.

Game seed: 6668094980965624345

1236 Hipnos the Severer (level 8, -2/83 HPs)
             Began as a Hill Orc Monk on June 30, 2022.
             Was a Follower of Beogh.
             Slain by a polar bear (17 damage)
             ... in the Dungeon (Sprint II: "The Violet Keep of Menkaure").
             The game lasted 00:05:20 (1123 turns).

Hipnos the Severer (Hill Orc Monk)                  Turns: 1123, Time: 00:05:21

Health: -2/83      AC:  1    Str: 14    XL:     8   Next: 49%
Magic:  5/8        EV: 15    Int: 10    God:    Beogh [*.....]
Gold:   8          SH:  0    Dex: 13    Spells: 7/7 levels left

rFire   + . .      SeeInvis .   a - +0 hand axe
rCold   . . .      Faith    .   (no shield)
rNeg    . . .      Spirit   .   b - +0 robe
rPois   +          Reflect  .   (helmet restricted)
rElec   +          Harm     .   h - scarf {repulsion}
rCorr   .          Rampage  .   (no gloves)
Will    .....      NoTele   +   (no boots)
Stlth   ++........              (no amulet)
HPRegen 0.23/turn               f - ring of the Cockatrice {rElec rPois rF+ Dex+2}
MPRegen 0.11/turn               (no ring)

@: repel missiles, unable to read
A: horns 1, clumsy 1, deformed body, screaming 1, weak 1, inability to read
while threatened 1
a: Renounce Religion


You were in the Dungeon.
You worshipped Beogh.
Beogh was aware of your devotion.
You visited 1 branch You collected 729 gold pieces.
You spent 721 gold pieces at shops.

Inventory:

Hand Weapons
 a - a +0 hand axe (weapon)
Armour
 b - a +0 robe (worn)
 h - a scarf of repulsion (worn)
Jewellery
 f - the ring of the Cockatrice (left hand) {rElec rPois rF+ Dex+2}
   (You bought it in a shop in the Dungeon)

   [ring of protection from fire]

   Dex:       It affects your dexterity (+2).
   rF:        It protects you from fire.
   rElec:     It insulates you from electricity.
   rPois:     It protects you from poison.
Scrolls
 i - a scroll of blinking
Potions
 c - a potion of ambrosia
 g - 2 potions of magic


   Skills:
 + Level 12.1 Fighting
 + Level 15.1 Axes
 + Level 8.5 Dodging
 - Level 4.1 Stealth


You had 7 spell levels left.
You didn't know any spells.
Your spell library was empty.

Dungeon Overview and Level Annotations

Branches:
Dungeon (1/1)

Altars:
Cheibriados
Dithmenos
Elyvilon
Fedhas
Gozag
Hepliaklqana
Kikubaaqudgha
Makhleb
Nemelex Xobeh
Okawaru
Qazlal
Ru
Sif Muna
Trog
Uskayaw
Vehumet
Wu Jian
Xom
Yredelemnul
Zin
The Shining One
Beogh
Jiyva
Lugonu

Shops:
D *[:[*[!?!?==(=:

Annotations:
D exclusion: oklob plant, Roxanne


Innate Abilities, Weirdness & Mutations

You have a pair of small horns on your head.
You are clumsy. (Dex -2)
Armour fits poorly on your strangely shaped body.
You occasionally shout uncontrollably at your foes.
You are weak. (Str -2)
You occasionally lose the ability to read scrolls when taking damage.


Message History

You hit the polar bear. x2; The polar bear barely misses you. x2
The polar bear claws you. The yaktaur hits you!
The polar bear closely misses you. The polar bear barely misses you.
The polar bear claws you.
You hit the yaktaur. Your headbutt misses the yaktaur.
The yaktaur is severely wounded.
You hit the polar bear. x2
You barely miss the yaktaur.
The yaktaur is severely wounded.
You hit the polar bear but do no damage. x2
The polar bear closely misses you. The polar bear claws you. x2
The polar bear barely misses you. The polar bear claws you. x2
The yaktaur hits you!
You feel threatened and lose the ability to read scrolls!
* * * LOW HITPOINT WARNING * * *
You feel much better. The polar bear bites you! The polar bear misses you.
The polar bear closely misses you. The polar bear barely misses you. x2
The polar bear misses you. The yaktaur misses you.
Aiming: Smiting
Press: ? - help, Dir - move target, f - yaktaur Smite: a yaktaur (severely wounded)
You smite the yaktaur!
The yaktaur is almost dead.
You can no longer smite your foes.
The polar bear bites you!
* * * LOW HITPOINT WARNING * * *
The polar bear claws you.
* * * LOW HITPOINT WARNING * * *
The polar bear barely misses you. The polar bear misses you.
The polar bear claws you.
* * * LOW HITPOINT WARNING * * *
The polar bear claws you.
* * * LOW HITPOINT WARNING * * *
The polar bear closely misses you. x2; The polar bear barely misses you.
The yaktaur hits you!
* * * LOW HITPOINT WARNING * * *
Unknown command.
You cannot read scrolls in your current state!
You feel better. The polar bear bites you!
You die...

.# ...# ## #..## #..#
.#▓):[?$??) # l##..# +..#
.#▓:$(([??! #.# #..# #..#
c#▓$?![)("( +#
+..####^.##.#▓!$$[$$[! #.#
#....###...##▓▓▓▓▓▓▓+▓ #
l##......≈≈≈≈≈≈≈≈≈≈≈≈≈..
####≈≈.....≈#'########+###
.#≈≈≈≈≈≈≈..≈#.yh@._..#S§§#
##≈≈≈≈≈≈§≈.≈#..chh._.#S§§§
#≈≈≈≈≈≈§≈≈≈≈#..._._._#§§§§
≈≈≈§≈≈≈§§≈≈≈#.._._._.#≈§§§
++#≈§§≈§≈§§§#._._._._#§≈§§
≈§##§≈≈###§§#_._._._.#§≈≈≈
≈≈≈##≈§# #§§#._._._._#§§§≈
≈≈≈≈'≈≈# #§§#_._._...#§§≈≈
§§≈##≈§§≈ ≈≈#####


You could see 3 polar bears, a yaktaur, a hornet and 2 water moccasins.

Vanquished Creatures
  A merfolk siren (D)
  4 neqoxecs (D)
  Menkaure (D)
  A water moccasin (D)
  4 scorpions (D)
11 creatures vanquished.

Notes
Turn   | Place    | Note
-------+----------+-------------------------------------------
     0 | D        | Hipnos the Hill Orc Monk began the quest for the Orb.
     0 | D        | Reached XP level 1. HP: 19/19 MP: 1/1
     1 | D        | Noticed a scorpion
     1 | D        | Noticed a scorpion
     3 | D        | Noticed a scorpion
     3 | D        | Noticed a scorpion
     9 | D        | Killed a scorpion
    10 | D        | Reached skill level 6 in Axes
    10 | D        | Reached XP level 2. HP: 31/31 MP: 2/2
    10 | D        | Reached XP level 3. HP: 38/38 MP: 3/3
    10 | D        | Reached XP level 4. HP: 45/45 MP: 4/4
    11 | D        | Killed a scorpion
    12 | D        | Reached skill level 8 in Axes
    12 | D        | Reached XP level 5. HP: 52/52 MP: 5/5
    17 | D        | Reached skill level 9 in Axes
    17 | D        | Reached skill level 5 in Dodging
    21 | D        | Reached skill level 10 in Axes
    21 | D        | Reached XP level 6. HP: 62/62 MP: 6/6
   106 | D        | Noticed a wyvern
   106 | D        | Noticed a wyvern
   109 | D        | Noticed a neqoxec
   109 | D        | Noticed a neqoxec
   126 | D        | Killed a neqoxec
   127 | D        | Reached skill level 11 in Axes
   141 | D        | Gained mutation: You occasionally lose the ability to read
                  | scrolls when taking damage. [a neqoxec]
   143 | D        | Gained mutation: You are weak. (Str -2) [a neqoxec]
   153 | D        | Killed a neqoxec
   154 | D        | Reached skill level 10 in Fighting
   154 | D        | Reached skill level 12 in Axes
   154 | D        | Reached XP level 7. HP: 43/73 MP: 7/7
   298 | D        | Noticed Roxanne
   309 | D        | Noticed a merfolk siren
   326 | D        | Killed a merfolk siren
   327 | D        | Reached skill level 14 in Axes
   379 | D        | Found Pulucw's Distillery.
   379 | D        | Found Osyh's Jewellery Emporium.
   379 | D        | Found Haap's Antique Weapon Emporium.
   379 | D        | Found Vekyl's Magic Scroll Shoppe.
   379 | D        | Found Addewn's Book Emporium.
   379 | D        | Found Oxtev's Magic Scroll Shoppe.
   379 | D        | Found Wiqyuf's Jewellery Shoppe.
   379 | D        | Found Porr's Jewellery Shoppe.
   380 | D        | Noticed a neqoxec
   387 | D        | Noticed a neqoxec
   390 | D        | Gained mutation: Armour fits poorly on your strangely
                  | shaped body. [a neqoxec]
   393 | D        | Gained mutation: You occasionally shout uncontrollably at
                  | your foes. [a neqoxec]
   398 | D        | Killed a neqoxec
   399 | D        | Reached XP level 8. HP: 32/82 MP: 8/8
   402 | D        | Gained mutation: You are clumsy. (Dex -2) [a neqoxec]
   403 | D        | Gained mutation: You have a pair of small horns on your
                  | head. [a neqoxec]
   838 | D        | Found Xisom's Distillery.
   839 | D        | Found Iptipuc's Antique Armour Emporium.
   839 | D        | Noticed a polar bear
   840 | D        | Found Yfoittaa's General Store.
   840 | D        | Found Vell's Antique Armour Shoppe.
   840 | D        | Noticed Menkaure
   840 | D        | Noticed a polar bear
   840 | D        | Noticed an oklob plant
   841 | D        | Found Ucleuch's Antique Armour Shoppe.
   841 | D        | Found Xofuypp's Book Shoppe.
   841 | D        | Found Ushrobar's Assorted Antiques.
   849 | D        | Bought the ring of the Cockatrice {rElec rPois rF+ Dex+2}
                  | for 521 gold pieces
   853 | D        | Noticed a cane toad
   857 | D        | Bought an embroidered scarf for 200 gold pieces
   857 | D        | Noticed a great orb of eyes
   866 | D        | Noticed a cane toad
   877 | D        | Killed Menkaure
   878 | D        | Reached skill level 15 in Axes
  1087 | D        | Found an opulent altar of Gozag.
  1087 | D        | Found an iron altar of Okawaru.
  1088 | D        | Found a blossoming altar of Fedhas.
  1088 | D        | Found a sparkling altar of Nemelex Xobeh.
  1089 | D        | Found a white marble altar of Elyvilon.
  1089 | D        | Found a burning altar of Makhleb.
  1089 | D        | Found a radiant altar of Vehumet.
  1090 | D        | Found a shadowy altar of Dithmenos.
  1090 | D        | Found a corrupted altar of Lugonu.
  1090 | D        | Found a hide-covered altar of Uskayaw.
  1091 | D        | Found a snail-covered altar of Cheibriados.
  1091 | D        | Found an ancient bone altar of Kikubaaqudgha.
  1091 | D        | Found a bloodstained altar of Trog.
  1091 | D        | Found a glowing silver altar of Zin.
  1092 | D        | Found a roughly hewn altar of Beogh.
  1092 | D        | Found a viscous altar of Jiyva.
  1092 | D        | Found a shimmering blue altar of Sif Muna.
  1092 | D        | Found a basalt altar of Yredelemnul.
  1093 | D        | Found a hazy altar of Hepliaklqana.
  1093 | D        | Found a sacrificial altar of Ru.
  1094 | D        | Found a shimmering altar of Xom.
  1095 | D        | Found a stormy altar of Qazlal.
  1095 | D        | Found an ornate altar of the Wu Jian Council.
  1095 | D        | Found a glowing golden altar of the Shining One.
  1095 | D        | Noticed a hornet
  1095 | D        | Noticed a polar bear
  1095 | D        | Noticed a polar bear
  1096 | D        | Noticed a yaktaur
  1096 | D        | Noticed a polar bear
  1102 | D        | Became a worshipper of Beogh the Brigand
  1102 | D        | Reached * piety under Beogh
  1102 | D        | Reached ** piety under Beogh
  1123 | D        | Slain by a polar bear

Illustrated notes

Levels and vault maps discovered:
D:        the_violet_keep_of_menkaure [sprint2_stairs_cluster_1,
          sprint2_shoproom, sprint2_temple, sprint2_basic_supplies,
          sprint2_obstacle_7, sprint2_obstacle_2, sprint2_obstacle_6,
          sprint2_obstacle_4, sprint2_obstacle_3, sprint2_timed_cluster_1,
          sprint2_smallroom_cluster_1, sprint2_smallroom_final_cluster_1,
          sprint2_transparent_cluster_1, sprint2_second_timed_cluster_1,
          sprint2_sniper_area_1, sprint2_heavy_combat_area_1,
          sprint2_mutation_trap_area_1, sprint2_forest_area_1,
          sprint2_light_combat_area_1, sprint2_behind_water_1,
          sprint2_near_end_vault_1]

Skill      XL: |  1  2  3  4  5  6  7  8 |
---------------+-------------------------+-----
Fighting       | 6 7 8 10 11 12 | 12.1
Axes           | 6 8 10 12 14 15 | 15.1
Dodging        | 4 5 7 8 |  8.5
Stealth        | 2 3 4 |  4.1

Action                   |  1- 3 |  4- 6 |  7- 9 || total
-------------------------+-------+-------+-------++-------
Melee: Hand axe          |     4 |    51 |    79 ||   134
       Punch             |       |     1 |     1 ||     2
       Headbutt          |       |       |    12 ||    12
Invok: Smiting           |       |       |     1 ||     1
  Use: Potion            |     1 |     1 |     2 ||     4
 Stab: Sleeping          |       |       |     1 ||     1
Armor: Robe              |     2 |       |     1 ||     3
Dodge: Dodged            |     3 |    15 |    60 ||    78
       Repelled          |       |       |     1 ||     1

Table legend: (Time is in decaauts)
 A = Elapsed time spent in this place.
 B = Non-inter-level travel time spent in this place.
 C = Inter-level travel time spent in this place.
 D = Time resting spent in this place.
 E = Time spent auto-exploring this place.
 F = Levels seen in this place.
 G = Mean time per level.
                   A        B        C        D        E       F      G
               +--------+--------+--------+--------+--------+-----+--------+
         Total |   1084 |   1084 |      0 |    855 |      0 |   1 | 1084.0 |
       Dungeon |   1084 |   1084 |      0 |    855 |      0 |   1 | 1084.0 |
               +--------+--------+--------+--------+--------+-----+--------+

Top non-repeatable levels by time:
       D: 1084 daAuts
